 Dungeon Crawl Stone Soup version bcrawl-1.31.4 (console) character file.

Game seed: 7348521466602157546

375056 Hector the Thaumaturge (level 11, -7/70 HPs)
             Began as a Fairy Venom Mage on May 26, 2021.
             Was a High Priest of Vehumet.
             Mangled by a swamp dragon (shapeshifter) (8 damage)
             ... on level 9 of the Dungeon on May 27, 2021.
             The game lasted 01:10:10 (10710 turns).

Hector the Thaumaturge (Fairy Venom Mage)          Turns: 10710, Time: 01:10:10

Health: -7/70      AC: 10    Str:  6    XL:     11   Next: 86%
Magic:  30/30      EV: 20    Int: 26    God:    Vehumet [*****.]
Gold:   401        SH: 13    Dex: 17    Spells: 15/37 levels left

rFire    + . .     SeeInvis +   a - +1 short sword {pain, +Blink Dex+4 SInv} (curse)
rCold    . . .     Gourm    .   i - +0 buckler
rNeg     . . .     Faith    .   (armour unavailable)
rPois    .         Spirit   .   h - +0 helmet
rElec    .         Reflect  .   e - +0 cloak
rCorr    .         Harm     .   (no gloves)
MR       +....                  f - +1 pair of boots
Stlth    +.........             v - amulet of magic regeneration
HPRegen  0.21/turn              F - ring of protection from fire
MPRegen  0.47/turn              I - +4 ring of intelligence

@: lethally poisoned (-7 -> -29), about to teleport, flying evasively
A: small, magic attunement, unstealthy, unfitting armour, able to fly, AC/SH +6
a: Stop Flying, Renounce Religion, Evoke Blink


You were on level 9 of the Dungeon.
You worshipped Vehumet.
Vehumet was extremely pleased with you.
You were not hungry.

You visited 1 branch of the dungeon, and saw 9 of its levels.

You collected 587 gold pieces.
You spent 186 gold pieces at shops.

Inventory:

Hand Weapons
 a - the cursed +1 short sword "Jicu" (weapon) {pain, +Blink Dex+4 SInv}
   (You found it on level 5 of the Dungeon)

   In the hands of one skilled in necromantic magic, it inflicts extra damage on
   living creatures.
   It affects your dexterity (+4).
   It lets you see invisible.
   It lets you blink.
   It has a curse placed upon it.
 s - a +4 mace of protection
 y - a +2 dagger of venom
 z - a +1 dagger of protection
 A - a +0 dagger of speed
 N - a +2 war axe of flaming
Missiles
 k - 1341 arrows
 t - 1439 stones (quivered)
 x - 95 poisoned tomahawks
 O - 129 poisoned needles
Armour
 e - a +0 cloak (worn)
 f - a +1 pair of boots (worn)
 h - a +0 helmet (worn)
 i - a +0 buckler (worn)
Jewellery
 v - an amulet of magic regeneration (around neck)
 F - a ring of protection from fire (left hand)
 I - a +4 ring of intelligence (right hand)
 M - an uncursed ring of protection from magic
Wands
 C - a wand of iceblast (3)
Scrolls
 c - a scroll of enchant armour {unknown}
 j - 3 scrolls of enchant weapon {unknown}
 m - 4 scrolls of amnesia {unknown}
 n - 8 scrolls of remove curse
 p - 2 scrolls of immolation {unknown}
 q - 3 scrolls of blinking
 r - 4 scrolls of identify
 w - a scroll of vulnerability {unknown}
 D - a scroll of noise {unknown}
 G - a scroll of teleportation
 H - 2 scrolls of magic mapping {unknown}
 K - 2 scrolls of fog
Potions
 b - 2 potions of berserk rage
 d - 2 potions of lignification
 l - 5 potions of curing
 u - a potion of cancellation
 B - a potion of invisibility
 E - 2 potions of flight
 J - 3 potions of heal wounds
Comestibles
 g - 27 rations {!d}


   Skills:
 * Level 4.8 Fighting
 * Level 7.6 Dodging
 - Level 1.6 Stealth
 * Level 2.5 Shields
 * Level 13.5 Spellcasting
 - Level 5.0 Conjurations
 - Level 5.0 Summonings
 - Level 3.0 Transmutations
 - Level 5.0 Fire Magic
 - Level 5.0 Air Magic
 - Level 10.0 Poison Magic


You had 15 spell levels left.
You knew the following spells:

 Your Spells              Type           Power        Failure   Level  Hunger
a - Sting                 Conj/Pois      ####         1%          1    None
b - Flame Tongue          Conj/Fire      #####        1%          1    None
c - Mephitic Cloud        Conj/Pois/Air  ######..     1%          3    None
i - Ignite Poison         Fire/Tmut/Pois #####...     1%          3    None
p - Poisonous Vapours     Pois/Air       ######       1%          2    None
s - Sticky Flame          Conj/Fire      #####...     3%          4    None
O - Olgreb's Toxic Radia  Pois           ######...    1%          4    None
S - Summon Scorpions      Summ/Pois      ######..     4%          4    None

Your spell library contained the following spells:

 Spells                   Type           Power        Failure   Level  Hunger
 Mana Rupture             Conj/Hex       ####......   99%         7    None
 Spider Form              Tmut/Pois      ###          1%          3    None
 Beastly Appendage        Tmut           ####..       2%          1    None
 Venom Bolt               Conj/Pois      ######....   3%          5    None
 Sticks to Snakes         Tmut           ####....     4%          2    None
 Passwall                 Tmut/Erth      ####....     8%          2    None
 Pain                     Necr           ###...       10%         1    None
 Ensorcelled Hibernation  Hex/Ice        ###...       14%         2    None
 Ice Form                 Ice/Tmut       ####....     45%         4    None
 Blade Hands              Tmut           ####......   61%         5    None
 Shadow Creatures         Summ           N/A          88%         6    None
 Infestation              Hex/Tmut/Pois  #####....    94%         6    None
 Borgnjor's Vile Clutch   Necr/Erth      ###.......   100%        6    None
 Darkness                 Hex            ###.......   100%        6    None
 Time Stop                Chrm/Tloc      N/A          100%        8    None


Dungeon Overview and Level Annotations

Branches:
Dungeon (9/12)             Temple (0/1) D:5            Lair (0/6) D:9
    Orc: D:8-11

Altars:
Ashenzari
Cheibriados
Dithmenos
Elyvilon
Hepliaklqana
Kikubaaqudgha
Lugonu
Makhleb
Nemelex Xobeh
Okawaru
Qazlal
Sif Muna
Trog
Uskayaw
Vehumet
Xom
The Shining One

Shops:
D:8 [(?[   D:9 (

Annotations:
D:4 Grinder
D:5 1 runed translucent door, izumii3's ghost, novice CeSk
D:9 2 transporters


Innate Abilities, Weirdness & Mutations

Your spells do not cause hunger and MP costs are reduced by 1.
Your bright wings attract enemies. (Stealth-)
You cannot fit into any form of body armour.
Your shimmering scales are hard and can block incoming attacks. (AC +6, SH +6)
You are small and have problems with some larger weapons.
You can fly continuously.


Message History

The swamp dragon breathes poison at you.
You are poisoned.
The blast of poison engulfs you!
* * * LOW HITPOINT WARNING * * *
No path to travel!
Casting: Sticky Flame (safe; 3% risk of failure)
Confirm with . or Enter, or press ? or * to list all spells.
Okay, then.
You feel better.
You are engulfed in poison gas.
You are poisoned.
* * * LOW HITPOINT WARNING * * *
You feel sick.
Okay, then.
As you read the scroll of teleportation, it crumbles to dust.
You feel strangely unstable.
You are engulfed in poison gas.
You are lethally poisoned!
* * * LOW HITPOINT WARNING * * *
x2 You feel very sick.
The swamp dragon closely misses you. The swamp dragon claws you!
You die...

....##.#.....#...........#..#####
....#..#.....#...........#..#
#.##..#########.........##..#
#.#..###.## .###.......##...#
....###.#$# .###.....##....#
#.####.###†)# .########..#.##
)##.#)## ##.##○#☼☼☼..#.##.#
##..#.# .#○#☼#####....# #.#.#.#
#§@☼#...#...## ÷##.#.#
#D#°###.#.#.## ##..#.##
##.#§○...#.#..# #.####.##
##.####.###..#.##
....###.#####.###.....##....#
.....###.....###.#####.##...#
......#########.#.....#.##..#
.......#⌠...⌠#.#..###..#.#..#
.....!.#..#..#.#.#... #..#


You could see a swamp dragon.

Vanquished Creatures
  A hydra (D:9)
  Psyche (D:9)
  A centaur warrior (D:9)
  4 two-headed ogres (D:9)
  A skeletal warrior (D:9)
  A moth of wrath (D:5)
  A centaur skeleton (D:9)
  A tengu conjurer (D:9)
  A troll (D:7)
  A hornet (D:8)
  3 hippogriffs
  A yak (D:9)
  A vampire (D:9)
  Edmund (D:6)
  A crocodile (D:7)
  A water moccasin (D:8)
  2 orc warriors
  A black bear (D:9)
  3 sky beasts
  An ice beast (D:6)
  4 ogres
  3 bullfrogs
  4 centaurs
  3 scorpions
  A water moccasin skeleton (D:8)
  3 wights
  4 killer bees (D:9)
  3 crimson imps
  2 howler monkeys
  A quasit (D:9)
  7 hounds
  A jelly (D:4)
  2 orc priests
  Terence (D:2)
  4 iguanas
  Natasha (thrice) (D:3)
  12 orc wizards
  10 worker ants
  A hound skeleton (D:4)
  4 worker ant zombies
  Robin (D:3)
  7 adders
  2 gnolls (D:5)
  An ooze (D:2)
  2 adder skeletons
  5 worms
  2 dart slugs
  7 leopard geckos
  47 orcs
  3 giant cockroaches
  11 goblins
  14 hobgoblins
  3 jackals (D:5)
  5 quokkas
  4 bats
  2 frilled lizards
  15 kobolds
  A quokka skeleton (D:6)
  11 rats
244 creatures vanquished.

Vanquished Creatures (collateral kills)
  2 centaur skeletons (D:8)
  2 hungry ghosts
  A water moccasin (D:5)
  A black bear (D:8)
  4 phantoms
  An ogre (D:9)
  A scorpion (D:8)
  4 wights
  2 crimson imps
  A centaur zombie (D:5)
  A hound (D:5)
  2 quasits
  3 jellies
  An iguana (D:8)
  An iron imp (D:8)
  2 worker ants
  A worker ant zombie (D:7)
  A howler monkey zombie (D:6)
  A worm (D:6)
  3 orcs
  A ball python (D:5)
36 creatures vanquished.

Vanquished Creatures (others)
  A withered plant (D:5)
1 creature vanquished.

Grand Total: 281 creatures vanquished

Notes
Turn   | Place    | Note
-------+----------+-------------------------------------------
     0 | D:1      | Hector the Fairy Venom Mage began the quest for the Orb.
     0 | D:1      | Reached XP level 1. HP: 11/11 MP: 6/6
   187 | D:1      | Reached XP level 2. HP: 17/17 MP: 7/7
   257 | D:1      | Reached skill level 3 in Spellcasting
   270 | D:1      | Learned a level 2 spell: Poisonous Vapours
   401 | D:1      | Found a shattered altar of Ashenzari.
   887 | D:2      | Reached XP level 3. HP: 21/21 MP: 9/9
  1076 | D:2      | Found a burning altar of Makhleb.
  1584 | D:3      | Noticed Robin
  1650 | D:3      | Noticed a sky beast
  1676 | D:3      | Killed a sky beast
  1677 | D:3      | Reached skill level 4 in Spellcasting
  1677 | D:3      | Reached skill level 1 in Air Magic
  1677 | D:3      | Reached skill level 5 in Poison Magic
  1677 | D:3      | Reached XP level 4. HP: 23/27 MP: 8/12
  1677 | D:3      | Reached XP level 5. HP: 26/31 MP: 8/13
  1762 | D:3      | Reached XP level 6. HP: 24/36 MP: 9/14
  1780 | D:3      | Learned a level 4 spell: Olgreb's Toxic Radiance
  1784 | D:3      | Learned a level 3 spell: Ignite Poison
  2105 | D:3      | Noticed Natasha
  2112 | D:3      | Killed Natasha
  2113 | D:3      | Reached skill level 1 in Fire Magic
  2127 | D:3      | Noticed Natasha
  2131 | D:3      | Killed Natasha
  2132 | D:3      | Reached skill level 1 in Transmutations
  2176 | D:3      | Noticed Natasha
  2192 | D:3      | Noticed Terence
  2368 | D:2      | Killed Terence
  2503 | D:3      | Killed Natasha
  2566 | D:3      | Found a shimmering altar of Xom.
  2623 | D:3      | Found a white marble altar of Elyvilon.
  2687 | D:3      | Killed Robin
  2716 | D:3      | Found a stormy altar of Qazlal.
  2855 | D:3      | Found a shimmering blue altar of Sif Muna.
  2855 | D:3      | Found an ancient bone altar of Kikubaaqudgha.
  2857 | D:3      | Found a radiant altar of Vehumet.
  2859 | D:3      | Identified Kikubaaqudgha's Handbook of Unholy Arts
  2872 | D:3      | Became a worshipper of Vehumet
  2937 | D:4      | Noticed Grinder
  3088 | D:3      | Found a shimmering altar of Xom.
  3144 | D:3      | Found a white marble altar of Elyvilon.
  3162 | D:3      | Found a stormy altar of Qazlal.
  3264 | D:3      | Found a shimmering blue altar of Sif Muna.
  3264 | D:3      | Found an ancient bone altar of Kikubaaqudgha.
  3266 | D:3      | Found a radiant altar of Vehumet.
  3639 | D:4      | Reached XP level 7. HP: 41/41 MP: 16/16
  3669 | D:4      | Found an iron altar of Okawaru.
  3691 | D:4      | Reached skill level 5 in Spellcasting
  3947 | D:3      | Learned a level 4 spell: Summon Scorpions
  4237 | D:5      | Entered Level 5 of the Dungeon
  4413 | D:5      | Found a shimmering blue altar of Sif Muna.
  4471 | D:5      | Reached * piety under Vehumet
  4471 | D:5      | Offered knowledge of Flame Tongue by Vehumet.
  4474 | D:5      | Learned a level 1 spell: Flame Tongue
  4497 | D:5      | Reached XP level 8. HP: 42/47 MP: 18/18
  4506 | D:5      | Reached skill level 1 in Summonings
  4641 | D:5      | Reached skill level 1 in Fighting
  4777 | D:5      | Found a staircase to the Ecumenical Temple.
  4851 | D:5      | Noticed a moth of wrath
  4854 | D:5      | Found a bloodstained altar of Trog.
  4863 | D:5      | Killed a moth of wrath
  4864 | D:5      | Reached skill level 6 in Spellcasting
  4883 | D:5      | Got a jewelled short sword
  4884 | D:5      | Identified the cursed +1 short sword "Jicu" {pain, +Blink
                  | Dex+4 SInv} (You found it on level 5 of the Dungeon)
  5255 | D:5      | Reached ** piety under Vehumet
  5255 | D:5      | Offered knowledge of Throw Frost by Vehumet.
  5374 | D:5      | Found a runed translucent door.
  5374 | D:5      | Noticed izumii3's ghost (novice CeSk)
  5686 | D:6      | Noticed a hippogriff
  5690 | D:6      | Killed a hippogriff
  5691 | D:6      | Reached XP level 9. HP: 54/54 MP: 16/20
  5759 | D:6      | Offered knowledge of Mephitic Cloud by Vehumet.
  5764 | D:6      | Learned a level 3 spell: Mephitic Cloud
  5973 | D:6      | Noticed Edmund
  5979 | D:6      | Killed Edmund
  6061 | D:6      | Reached skill level 5 in Conjurations
  6114 | D:6      | Reached skill level 7 in Spellcasting
  6518 | D:6      | Found a sparkling altar of Nemelex Xobeh.
  6710 | D:6      | Reached skill level 5 in Dodging
  7105 | D:7      | Noticed a troll
  7116 | D:7      | Killed a troll
  7116 | D:7      | Reached *** piety under Vehumet
  7485 | D:7      | Reached skill level 8 in Spellcasting
  7672 | D:7      | Offered knowledge of Stone Arrow by Vehumet.
  7713 | D:7      | Reached XP level 10. HP: 62/62 MP: 24/24
  8276 | D:8      | Found a glowing golden altar of the Shining One.
  8556 | D:8      | Reached **** piety under Vehumet
  8569 | D:8      | Reached skill level 5 in Air Magic
  8634 | D:8      | Offered knowledge of Sticky Flame by Vehumet.
  8640 | D:8      | Learned a level 4 spell: Sticky Flame
  8649 | D:8      | Found Jul Oxo's Antique Weapon Shoppe.
  8649 | D:8      | Found Ylunugad's Antique Armour Shoppe.
  8667 | D:8      | Found Isiycy's Magic Scroll Shoppe.
  8668 | D:8      | Found Souc's Armour Shoppe.
  8696 | D:8      | Bought a scroll of blinking for 90 gold pieces
  8696 | D:8      | Bought a scroll of teleportation for 36 gold pieces
  8696 | D:8      | Bought a scroll of remove curse for 36 gold pieces
  8696 | D:8      | Bought a scroll of fog for 24 gold pieces
  8817 | D:8      | Reached skill level 9 in Spellcasting
  8838 | D:8      | Found a corrupted altar of Lugonu.
  8853 | D:8      | Found a sparkling altar of Nemelex Xobeh.
  8905 | D:8      | Found a snail-covered altar of Cheibriados.
  8970 | D:8      | Found a hide-covered altar of Uskayaw.
  9187 | D:9      | Noticed a skeletal warrior
  9319 | D:8      | Reached skill level 10 in Poison Magic
  9373 | D:9      | Found a shadowy altar of Dithmenos.
  9407 | D:9      | Reached skill level 5 in Fire Magic
  9457 | D:9      | Noticed a two-headed ogre
  9465 | D:9      | Killed a two-headed ogre
  9466 | D:9      | Reached skill level 10 in Spellcasting
  9486 | D:9      | Found a hazy altar of Hepliaklqana.
  9607 | D:9      | Noticed a two-headed ogre
  9615 | D:9      | Killed a two-headed ogre
  9648 | D:9      | Reached XP level 11. HP: 69/69 MP: 21/27
  9663 | D:9      | Reached skill level 11 in Spellcasting
  9734 | D:9      | Killed a skeletal warrior
  9734 | D:9      | Reached ***** piety under Vehumet
  9886 | D:9      | Offered knowledge of Mana Rupture by Vehumet.
  9936 | D:9      | Found a staircase to the Lair.
 10060 | D:9      | Found Fuudumm's Weapon Shop.
 10075 | D:9      | Reached skill level 5 in Summonings
 10217 | D:9      | Noticed an unseen horror
 10220 | D:9      | Found a transporter.
 10222 | D:9      | Noticed a yaktaur captain
 10224 | D:9      | Found a transporter.
 10224 | D:9      | Noticed a death knight
 10225 | D:9      | Found a shattered altar of Ashenzari.
 10399 | D:9      | Noticed a two-headed ogre
 10411 | D:9      | Killed a two-headed ogre
 10412 | D:9      | Reached skill level 1 in Shields
 10412 | D:9      | Reached skill level 12 in Spellcasting
 10447 | D:9      | Noticed Psyche
 10472 | D:9      | Killed Psyche
 10607 | D:9      | Noticed a two-headed ogre
 10612 | D:9      | Killed a two-headed ogre
 10623 | D:9      | Noticed a five-headed hydra
 10627 | D:9      | Noticed a centaur warrior
 10630 | D:9      | Killed a five-headed hydra
 10631 | D:9      | Reached skill level 13 in Spellcasting
 10633 | D:9      | Killed a centaur warrior
 10692 | D:9      | Noticed a swamp dragon
 10710 | D:9      | HP: 1/70 [poisoned by a swamp dragon (poison gas)]
 10710 | D:9      | Mangled by a swamp dragon (shapeshifter)

Skill      XL: |  1  2  3  4  5  6  7  8  9 10 11 |
---------------+----------------------------------+-----
Poison Magic   | 4 5 6 8 9 10 | 10.0
Spellcasting   | 3 4 5 6 8 10 13 | 13.5
Dodging        | 3 4 5 6 7 |  7.6
Conjurations   | 2 3 4 5 |  5.0
Air Magic      | 1 2 3 4 5 |  5.0
Fire Magic     | 1 2 3 4 5 |  5.0
Transmutations | 1 2 3 |  3.0
Summonings     | 2 3 4 5 |  5.0
Fighting       | 2 4 |  4.8
Shields        | 2 |  2.5
Stealth        | |  1.6

Action                   |  1- 3 |  4- 6 |  7- 9 | 10-12 || total
-------------------------+-------+-------+-------+-------++-------
Melee: Short sword       |     1 |    44 |    60 |    12 ||   117
       Mace              |       |     2 |    65 |       ||    67
Throw: Stone             |       |       |     1 |       ||     1
 Cast: Sting             |    84 |    59 |   112 |   109 ||   364
       Poisonous Vapours |     6 |    17 |    23 |    19 ||    65
       Olgreb's Toxic Ra |       |     4 |    38 |    36 ||    78
       Ignite Poison     |       |     4 |    17 |    24 ||    45
       Summon Scorpions  |       |       |    17 |    20 ||    37
       Mephitic Cloud    |       |       |     2 |    11 ||    13
       Flame Tongue      |       |       |       |    20 ||    20
       Sticky Flame      |       |       |       |    16 ||    16
  Use: Scroll            |       |       |     6 |     1 ||     7
       Potion            |       |       |       |     3 ||     3
 Stab: Distracted        |       |       |     1 |       ||     1
  Eat: Chunk             |     2 |     8 |    18 |    11 ||    39
Armor: Skin              |     4 |     9 |    28 |    16 ||    57
Dodge: Dodged            |    19 |    41 |   132 |   100 ||   292
Block: Other             |     2 |    19 |    56 |    30 ||   107
       Buckler           |       |       |       |    15 ||    15
